 Dungeon Crawl Stone Soup version 0.29-a0-72-g1732ff48e7 (webtiles) character file.

Game seed: 19538354107613742

35 tatocazan the Bolt Thrower (level 3, -2/28 HPs)
             Began as a Formicid Hunter on Feb 3, 2022.
             Slain by a worm (6 damage)
             ... on level 2 of the Dungeon.
             The game lasted 00:01:41 (2046 turns).

tatocazan the Bolt Thrower (Formicid Hunter)        Turns: 2046, Time: 00:01:41

Health: -2/28      AC:  5    Str: 18    XL:     3   Next: 52%
Magic:  3/3        EV: 11    Int: 10    God:
Gold:   35         SH:  0    Dex: 11    Spells: 2/2 levels left

rFire   . . .      SeeInvis +   b - +0 short sword
rCold   . . .      Faith    .   (no shield)
rNeg    . . .      Spirit   .   e - +0 ring mail
rPois   .          Reflect  .   (helmet unavailable)
rElec   .          Harm     .   (no cloak)
rCorr   .          Rampage  .   (no gloves)
Will    .....                   (no boots)
Stlth   +.........              (no amulet)
HPRegen 0.09/turn               (no ring)
MPRegen 0.08/turn               (no ring)

@: no status effects
A: permanent stasis, dig shafts and tunnels, antennae 3, four strong arms
a: Dig, Shaft Self


You were on level 2 of the Dungeon.
You visited 1 branch of the dungeon, and saw 2 of its levels.

You collected 35 gold pieces.

Inventory:

Hand Weapons
 a - a +1 hand crossbow
 b - a +0 short sword (weapon)
Missiles
 d - 20 bolts
Armour
 e - a +0 ring mail (worn)
Scrolls
 c - a scroll of blinking {unknown}
 g - a scroll of fog {unknown}
 h - a scroll of identify {unknown}
Potions
 f - a potion of magic {unknown}


   Skills:
 + Level 2.7 Fighting
 + Level 1.1 Short Blades
 - Level 4.0 Crossbows
 + Level 1.3 Armour
 + Level 2.2 Dodging
 - Level 1.2 Stealth


You had 2 spell levels left.
You didn't know any spells.
Your spell library was empty.

Dungeon Overview and Level Annotations

Branches:
Dungeon (2/15)

Altars:


Innate Abilities, Weirdness & Mutations

You cannot be hasted, slowed, berserked, paralysed or teleported.
You can dig through walls and to a lower floor.
You have a pair of large antennae on your head. (SInv)
Your four strong arms can wield two-handed weapons with a shield.


Message History

The worm is moderately wounded.
The worm bites you but does no damage.
You hit the worm.
The worm is heavily wounded.
You hit the worm.
The worm is severely wounded.
The worm bites you!
You take 7 damage, and have 14/28 hp.
MASSIVE DAMAGE!!
You are too injured to fight recklessly!
You are too injured to fight recklessly!
You are too injured to fight recklessly!
You are too injured to fight recklessly!
You are too injured to fight recklessly!
You are too injured to fight recklessly!
You are too injured to fight recklessly!
You are too injured to fight recklessly!
You are too injured to fight recklessly!
You are too injured to fight recklessly!
You are too injured to fight recklessly!
You are too injured to fight recklessly!
You are too injured to fight recklessly!
You are too injured to fight recklessly!
You are too injured to fight recklessly!
You are too injured to fight recklessly!
You are too injured to fight recklessly!
You are too injured to fight recklessly!
You are too injured to fight recklessly!
You are too injured to fight recklessly!
You are too injured to fight recklessly!
You hit the worm.
The worm is almost dead.
You barely miss the worm.
The worm is almost dead.
The worm bites you!
* * * LOW HITPOINT WARNING * * *
You take 10 damage, and have 4/28 hp.
MASSIVE DAMAGE!!
You hit the worm but do no damage.
The worm is almost dead.
The worm bites you.
You die...

......##.#.##### ..
..............# .<. ..
#.........# .... #.
#.........##...
###.##..<..........#
#...............# ≈
#.............$.#####...
#.......................
#...............@w..#
#..)................#
#.....########......#
......# #.........
....... #..........
....#... ....###....
....#... .....# ...≈
.... #### #.....# ..≈


You could see a worm.

Vanquished Creatures
  A dart slug (D:1)
  An endoplasm (D:1)
  3 giant cockroaches (D:1)
  3 goblins
  2 hobgoblins (D:1)
  4 jackals (D:1)
  3 ball pythons (D:1)
  3 bats (D:1)
  3 frilled lizards
  7 kobolds (D:1)
  A rat (D:2)
31 creatures vanquished.

Notes
Turn   | Place    | Note
-------+----------+-------------------------------------------
     0 | D:1      | tatocazan the Formicid Hunter began the quest for the Orb.
     0 | D:1      | Reached XP level 1. HP: 16/16 MP: 1/1
   112 | D:1      | Reached XP level 2. HP: 3/23 MP: 2/2
  1134 | D:1      | Reached skill level 1 in Armour
  1281 | D:1      | Reached skill level 1 in Short Blades
  1281 | D:1      | Reached XP level 3. HP: 8/28 MP: 3/3
  2046 | D:2      | Slain by a worm

Illustrated notes

Levels and vault maps discovered:
D:1:      dpeg_arrival_arbitrary_a, layout_basic
D:2:      layout_basic, dreamdust_ecumenical_altar_drowned_temple, basic_altar,
          minmay_rat_hole

Skill      XL: |  1  2 |
---------------+-------+-----
Dodging        | 2 |  2.2
Armour         | 1 |  1.3
Short Blades   | 1 |  1.1
Fighting       | |  2.7
Crossbows      | |  4.0
Stealth        | |  1.2

Action                   || total
-------------------------++-------
Melee: Short sword       ||   129
       Punch             ||     1
Armor: Leather armour    ||    13
       Ring mail         ||    31
Dodge: Dodged            ||    72

Table legend: (Time is in decaauts)
 A = Elapsed time spent in this place.
 B = Non-inter-level travel time spent in this place.
 C = Inter-level travel time spent in this place.
 D = Time resting spent in this place.
 E = Time spent auto-exploring this place.
 F = Levels seen in this place.
 G = Mean time per level.
                   A        B        C        D        E       F      G
               +--------+--------+--------+--------+--------+-----+--------+
         Total |   2054 |   2043 |     11 |    945 |    805 |   2 | 1027.0 |
       Dungeon |   2054 |   2043 |     11 |    945 |    805 |   2 | 1027.0 |
               +--------+--------+--------+--------+--------+-----+--------+

Top non-repeatable levels by time:
     D:1: 2024 daAuts
     D:2: 29 daAuts
